| TOP OF THE 1ST |
|
Louisville Bats batting - Pitching for Albuquerque Isotopes : RHP Mark Hincks
|
|
Pitching: RHP Mark Hincks
|
|
|
Batting: LHB Leo Gomez
|
0-0: Ball 1-0: Ball 2-0: Ball 3-0: Foul Ball, location: 2F 3-1: Base on Balls
|
|
Batting: RHB Takanibu Kaneshiro
|
0-0: Called Strike Leo Gomez steals 2nd base 0-1: Ball 1-1: Foul Ball, location: 2F 1-2: Ball 2-2: Ball 3-2: Base on Balls
|
|
Batting: RHB Juan Reyes
|
0-0: Ball 1-0: Ball 2-0: Ball 3-0: Base on Balls Leo Gomez to third Takanibu Kaneshiro to second
|
|
Batting: LHB Jared Paige
|
0-0: Swinging Strike 0-1: Foul Ball, location: 2F 0-2: Ball 1-2: Strikes out swinging
|
|
Batting: RHB Jonathan Robies
|
0-0: Called Strike 0-1: Ball 1-1: Fly out, F8 (Flyball, 8LD, EV 91.9 MPH) Runner from 3rd tags up, OUT at HOME! 8-2
|
| Top of the 1st over - 0 runs, 0 hits, 0 errors, 2 left on base; Louisville 0 - Albuquerque 0 |
| BOTTOM OF THE 1ST |
|
Albuquerque Isotopes batting - Pitching for Louisville Bats : RHP Matt Moffat
|
|
Pitching: RHP Matt Moffat
|
|
|
Batting: SHB Jamel Wright
|
0-0: Ground out 4-3 (Groundball, 4, EV 91.9 MPH)
|
|
Batting: RHB Sadataka Kuwahara
|
0-0: Ball 1-0: Ball 2-0: Called Strike 2-1: Ball 3-1: Ground out 5-3 (Groundball, 56, EV 90.6 MPH)
|
|
Batting: SHB Orlando Torres
|
0-0: Foul Ball, location: 2F 0-1: Foul Ball, location: 2F 0-2: Fly out, F2 (Popup, 5SF, EV 85.0 MPH)
|
| Bottom of the 1st over - 0 runs, 0 hits, 0 errors, 0 left on base; Louisville 0 - Albuquerque 0 |
| TOP OF THE 2ND |
|
Louisville Bats batting - Pitching for Albuquerque Isotopes : RHP Mark Hincks
|
|
Batting: SHB Freddie Farrar
|
0-0: Ground out 4-3 (Groundball, 4, EV 83.1 MPH)
|
|
Batting: RHB Danny Real
|
0-0: Swinging Strike 0-1: Called Strike 0-2: Foul Ball, location: 2F 0-2: Ball 1-2: Ball 2-2: Strikes out swinging
|
|
Batting: RHB Steve Bauman
|
0-0: Ball 1-0: Ball 2-0: Ball 3-0: Base on Balls
|
|
Batting: RHB Ben Hinman
|
0-0: Called Strike Pickoff Throw by Catcher to First - Error! E2 Steve Bauman to second 0-1: Ball 1-1: Ball 2-1: Swinging Strike 2-2: Foul Ball, location: 2F 2-2: Foul Ball, location: 2F 2-2: Strikes out looking
|
| Top of the 2nd over - 0 runs, 0 hits, 1 error, 1 left on base; Louisville 0 - Albuquerque 0 |
| BOTTOM OF THE 2ND |
|
Albuquerque Isotopes batting - Pitching for Louisville Bats : RHP Matt Moffat
|
|
Batting: RHB Adrian Rudkilde
|
0-0: Ball 1-0: Called Strike 1-1: Swinging Strike 1-2: Ball 2-2: Ground out 5-3 (Groundball, 56, EV 82.5 MPH)
|
|
Batting: RHB Chris King
|
0-0: Called Strike 0-1: Ball 1-1: Called Strike 1-2: Foul Ball, location: 2F 1-2: Ground out 3-1 (Groundball, 34, EV 83.8 MPH)
|
|
Batting: RHB Hector Silva
|
0-0: Ball 1-0: Foul Ball, location: 2F 1-1: SINGLE (Groundball, 25, EV 72.5 MPH) (infield hit)
|
|
Batting: RHB Logan Morgan
|
0-0: Ball 1-0: Fly out, F9 (Flyball, 89S, EV 89.4 MPH)
|
| Bottom of the 2nd over - 0 runs, 1 hit, 0 errors, 1 left on base; Louisville 0 - Albuquerque 0 |
| TOP OF THE 3RD |
|
Louisville Bats batting - Pitching for Albuquerque Isotopes : RHP Mark Hincks
|
|
Batting: LHB Leo Gomez
|
0-0: Ball 1-0: Called Strike 1-1: Foul Ball, location: 2F 1-2: Strikes out swinging
|
|
Batting: RHB Takanibu Kaneshiro
|
0-0: Called Strike 0-1: Ball 1-1: Ground out 3-1 (Groundball, 34S, EV 85.0 MPH)
|
|
Batting: RHB Juan Reyes
|
0-0: Ball 1-0: Foul Ball, location: 2F 1-1: Ball 2-1: Foul Ball, location: 2F 2-2: Ball 3-2: Strikes out swinging
|
| Top of the 3rd over - 0 runs, 0 hits, 0 errors, 0 left on base; Louisville 0 - Albuquerque 0 |
| BOTTOM OF THE 3RD |
|
Albuquerque Isotopes batting - Pitching for Louisville Bats : RHP Matt Moffat
|
|
Batting: RHB Herb McIntyre
|
0-0: Called Strike 0-1: Foul Ball, location: 2F 0-2: Ground out 5-3 (Groundball, 56, EV 99.4 MPH)
|
|
Batting: RHB Vinny Estrada
|
0-0: Foul Ball, location: 2F 0-1: Ball 1-1: Ball 2-1: Called Strike 2-2: Ground out 6-3 (Groundball, 6, EV 93.1 MPH)
|
|
Batting: SHB Jamel Wright
|
0-0: Fly out, F7 (Line Drive, 7LM, EV 110.0 MPH)
|
| Bottom of the 3rd over - 0 runs, 0 hits, 0 errors, 0 left on base; Louisville 0 - Albuquerque 0 |
| TOP OF THE 4TH |
|
Louisville Bats batting - Pitching for Albuquerque Isotopes : RHP Mark Hincks
|
|
Batting: LHB Jared Paige
|
0-0: Called Strike 0-1: Ball 1-1: SOLO HOME RUN (Flyball, 89XD, EV 107.5 MPH), Distance : 426 ft
|
|
Batting: RHB Jonathan Robies
|
0-0: Ball 1-0: Ball 2-0: Called Strike 2-1: Ball 3-1: Foul Ball, location: 2F 3-2: Ground out 4-3 (Groundball, 4S, EV 86.9 MPH)
|
|
Batting: SHB Freddie Farrar
|
0-0: Called Strike 0-1: Ball 1-1: Foul Ball, location: 2F 1-2: Ball 2-2: Ball 3-2: Strikes out swinging
|
|
Batting: RHB Danny Real
|
0-0: Foul Ball, location: 2F 0-1: Called Strike 0-2: Fly out, F9 (Flyball, 9D, EV 90.6 MPH)
|
| Top of the 4th over - 1 run, 1 hit, 0 errors, 0 left on base; Louisville 1 - Albuquerque 0 |
| BOTTOM OF THE 4TH |
|
Albuquerque Isotopes batting - Pitching for Louisville Bats : RHP Matt Moffat
|
|
Batting: RHB Sadataka Kuwahara
|
0-0: Ball 1-0: Ball 2-0: Called Strike 2-1: Foul Ball, location: 2F 2-2: Foul Ball, location: 2F 2-2: Fly out, F9 (Flyball, 9, EV 75.0 MPH)
|
|
Batting: SHB Orlando Torres
|
0-0: Ball 1-0: Called Strike 1-1: Ball 2-1: Ground out U3 (Groundball, 34, EV 86.9 MPH)
|
|
Batting: RHB Adrian Rudkilde
|
0-0: Swinging Strike 0-1: Ball 1-1: Swinging Strike 1-2: SINGLE (Flyball, 78S, EV 101.9 MPH)
|
|
Batting: RHB Chris King
|
0-0: Foul Ball, location: 2F 0-1: Called Strike 0-2: Ball 1-2: Ball 2-2: Ball 3-2: Strikes out looking
|
| Bottom of the 4th over - 0 runs, 1 hit, 0 errors, 1 left on base; Louisville 1 - Albuquerque 0 |
| TOP OF THE 5TH |
|
Louisville Bats batting - Pitching for Albuquerque Isotopes : RHP Mark Hincks
|
|
Batting: RHB Steve Bauman
|
0-0: Ball 1-0: Called Strike 1-1: Called Strike 1-2: Strikes out swinging
|
|
Batting: RHB Ben Hinman
|
0-0: DOUBLE (Line Drive, 78M, EV 103.1 MPH)
|
|
Batting: LHB Leo Gomez
|
0-0: Called Strike 0-1: Called Strike 0-2: Ball 1-2: Ball 2-2: Ball 3-2: Fly out, F9 (Flyball, BS8, EV 97.5 MPH)
|
|
Batting: RHB Takanibu Kaneshiro
|
0-0: Called Strike 0-1: Swinging Strike 0-2: Strikes out looking
|
| Top of the 5th over - 0 runs, 1 hit, 0 errors, 1 left on base; Louisville 1 - Albuquerque 0 |
| BOTTOM OF THE 5TH |
|
Albuquerque Isotopes batting - Pitching for Louisville Bats : RHP Matt Moffat
|
|
Batting: RHB Hector Silva
|
0-0: Foul Ball, location: 2F 0-1: Called Strike 0-2: Ground out 5-3 (Groundball, 56, EV 79.4 MPH)
|
|
Batting: RHB Logan Morgan
|
0-0: Fly out, F8 (Flyball, 8RD, EV 101.9 MPH)
|
|
Batting: RHB Herb McIntyre
|
0-0: Ball 1-0: Ball 2-0: Called Strike 2-1: Ball 3-1: Foul Ball, location: 2F 3-2: Foul Ball, location: 2F 3-2: SINGLE (Groundball, 6D, EV 102.5 MPH)
|
|
Batting: RHB Vinny Estrada
|
0-0: Ball 1-0: Ground out 4-3 (Groundball, 4S, EV 65.0 MPH)
|
| Bottom of the 5th over - 0 runs, 1 hit, 0 errors, 1 left on base; Louisville 1 - Albuquerque 0 |
| TOP OF THE 6TH |
|
Louisville Bats batting - Pitching for Albuquerque Isotopes : RHP Mark Hincks
|
|
Batting: RHB Juan Reyes
|
0-0: Ball 1-0: Ball 2-0: Ball 3-0: Called Strike 3-1: Foul Ball, location: 2F 3-2: Base on Balls
|
|
Batting: LHB Jared Paige
|
0-0: Ball 1-0: Foul Ball, location: 2F 1-1: Ball 2-1: Foul Ball, location: 2F 2-2: Strikes out swinging
|
|
Batting: RHB Jonathan Robies
|
0-0: Grounds into double play, 5-4-3 (Groundball, 5S, EV 86.9 MPH)
|
| Top of the 6th over - 0 runs, 0 hits, 0 errors, 0 left on base; Louisville 1 - Albuquerque 0 |
| BOTTOM OF THE 6TH |
|
Albuquerque Isotopes batting - Pitching for Louisville Bats : RHP Matt Moffat
|
|
Batting: SHB Jamel Wright
|
0-0: Swinging Strike 0-1: Ball 1-1: Foul Ball, location: 2F 1-2: Ball 2-2: Ball 3-2: Strikes out swinging
|
|
Batting: RHB Sadataka Kuwahara
|
0-0: Called Strike 0-1: Ball 1-1: Ground out U3 (Groundball, 3, EV 94.4 MPH)
|
|
Batting: SHB Orlando Torres
|
0-0: Called Strike 0-1: Fly out, F3 (Line Drive, 3L, EV 76.2 MPH)
|
| Bottom of the 6th over - 0 runs, 0 hits, 0 errors, 0 left on base; Louisville 1 - Albuquerque 0 |
| TOP OF THE 7TH |
|
Louisville Bats batting - Pitching for Albuquerque Isotopes : RHP Mark Hincks
|
|
Batting: SHB Freddie Farrar
|
0-0: Called Strike 0-1: Foul Ball, location: 2F 0-2: Ball 1-2: Foul Ball, location: 2F 1-2: Strikes out swinging
|
|
Pitching: RHP Justin Judson
|
|
|
Batting: RHB Danny Real
|
0-0: Swinging Strike 0-1: Swinging Strike 0-2: Strikes out swinging
|
|
Batting: RHB Steve Bauman
|
0-0: Ball 1-0: Called Strike 1-1: Ball 2-1: Fly out, F8 (Flyball, 78M, EV 81.9 MPH)
|
| Top of the 7th over - 0 runs, 0 hits, 0 errors, 0 left on base; Louisville 1 - Albuquerque 0 |
| BOTTOM OF THE 7TH |
|
Albuquerque Isotopes batting - Pitching for Louisville Bats : RHP Matt Moffat
|
|
Batting: RHB Adrian Rudkilde
|
0-0: Ball 1-0: Ball 2-0: Fly out, F9 (Flyball, 89M, EV 72.5 MPH)
|
|
Batting: RHB Chris King
|
0-0: Ball 1-0: Ball 2-0: Ball 3-0: Base on Balls
|
|
Batting: RHB Hector Silva
|
0-0: Ball 1-0: Ball 2-0: Foul Ball, location: 2F 2-1: Fly out, F8 (Line Drive, 8LM, EV 94.4 MPH)
|
|
Batting: RHB Logan Morgan
|
0-0: Called Strike 0-1: Ball 1-1: Ball 2-1: Called Strike 2-2: Foul Ball, location: 2F 2-2: Foul Ball, location: 2F 2-2: Foul Ball, location: 2F 2-2: Ball 3-2: Ground out 5-3 (Groundball, 5, EV 86.2 MPH)
|
| Bottom of the 7th over - 0 runs, 0 hits, 0 errors, 1 left on base; Louisville 1 - Albuquerque 0 |
| TOP OF THE 8TH |
|
Louisville Bats batting - Pitching for Albuquerque Isotopes : RHP Justin Judson
|
|
Batting: RHB Ben Hinman
|
0-0: Ball 1-0: Ball 2-0: Ball 3-0: Base on Balls
|
|
Batting: LHB Leo Gomez
|
0-0: Ball Passed Ball! Ben Hinman to second 1-0: Ball 2-0: Called Strike 2-1: Swinging Strike 2-2: Ball 3-2: Foul Ball, location: 2F 3-2: Strikes out swinging
|
|
Batting: RHB Takanibu Kaneshiro
|
0-0: Ball 1-0: Ground out 4-3 (Groundball, 4D, EV 91.9 MPH) Ben Hinman to third
|
|
Batting: RHB Juan Reyes
|
0-0: Called Strike 0-1: Ball 1-1: Called Strike 1-2: Fly out, F9 (Flyball, 9, EV 90.0 MPH)
|
| Top of the 8th over - 0 runs, 0 hits, 0 errors, 1 left on base; Louisville 1 - Albuquerque 0 |
| BOTTOM OF THE 8TH |
|
Albuquerque Isotopes batting - Pitching for Louisville Bats : RHP Matt Moffat
|
|
Pitching: RHP Tim Bant
|
|
|
Batting: RHB Herb McIntyre
|
0-0: Fly out, F8 (Line Drive, 8LD, EV 91.2 MPH)
|
|
Batting: RHB Vinny Estrada
|
0-0: Ball 1-0: Ball 2-0: Called Strike 2-1: Foul Ball, location: 2F 2-2: Foul Ball, location: 2F 2-2: SINGLE (Line Drive, 7S, EV 111.9 MPH)
|
|
Batting: SHB Jamel Wright
|
0-0: Ball 1-0: Foul Ball, location: 2F 1-1: Called Strike 1-2: Ball 2-2: SINGLE (Line Drive, 8LS, EV 91.2 MPH) Vinny Estrada to second Runner from 2nd tries for 3rd, SAFE after rundown.
|
|
Batting: RHB Sadataka Kuwahara
|
0-0: Swinging Strike 0-1: Ball 1-1: Ball 2-1: Ball Jamel Wright steals 2nd base 3-1: Foul Ball, location: 2F 3-2: Fly out, F8 (Flyball, 8RD, EV 92.5 MPH) Runner from 3rd tags up, OUT at HOME! 8-2
|
| Bottom of the 8th over - 0 runs, 2 hits, 0 errors, 1 left on base; Louisville 1 - Albuquerque 0 |
| TOP OF THE 9TH |
|
Louisville Bats batting - Pitching for Albuquerque Isotopes : RHP Justin Judson
|
|
Pitching: LHP Taek-hyun Kim
|
|
|
Batting: LHB Jared Paige
|
0-0: SINGLE (Flyball, 4D, EV 85.6 MPH)
|
|
Batting: RHB Jonathan Robies
|
0-0: Swinging Strike 0-1: Foul Ball, location: 2F 0-2: Fly out, F8 (Flyball, 8RM, EV 86.9 MPH)
|
|
Batting: SHB Freddie Farrar
|
0-0: Ball 1-0: Called Strike 1-1: Fly out, F5 (Line Drive, 5, EV 67.5 MPH)
|
|
Batting: RHB Danny Real
|
0-0: Called Strike 0-1: SINGLE (Groundball, 56D, EV 95.0 MPH) Jared Paige to second Runner from 2nd tries for 3rd, SAFE, throw by LF made to third
|
|
Batting: RHB Steve Bauman
|
0-0: Ball 1-0: Ball 2-0: Called Strike 2-1: Fielders Choice at 2nd, 6-4 (Groundball, 6, EV 80.0 MPH)
|
| Top of the 9th over - 0 runs, 2 hits, 0 errors, 2 left on base; Louisville 1 - Albuquerque 0 |
| BOTTOM OF THE 9TH |
|
Albuquerque Isotopes batting - Pitching for Louisville Bats : RHP Tim Bant
|
|
Pitching: RHP Junpei Yamazaki
|
|
|
Batting: SHB Orlando Torres
|
0-0: Called Strike 0-1: Ball 1-1: Called Strike 1-2: Strikes out swinging
|
|
Batting: RHB Adrian Rudkilde
|
0-0: Called Strike 0-1: Ball 1-1: Foul Ball, location: 2F 1-2: Strikes out swinging
|
|
Batting: RHB Chris King
|
0-0: Ball 1-0: Called Strike 1-1: Foul Ball, location: 2F 1-2: Foul Ball, location: 2F 1-2: Ball 2-2: Foul Ball, location: 2F 2-2: Strikes out looking
|
| Bottom of the 9th over - 0 runs, 0 hits, 0 errors, 0 left on base; Louisville 1 - Albuquerque 0 |
|